Match 42748336
Unlisted

Match 42748336
End
Panzergrenadier Squad
Selects Armored Support Battlegroup
Panzerpioneer Squad
250 Light Carrier
Construct Light Support Kompanie
MG34 Team
Assault Grenadier Squad
Selects Veteran Gunners
Fire Support Elements
Flakvierling Half-track
Assault Grenadier Squad
Panzerjäger Squad
Xperia
Mika
0
0

Comments sign in to comment!

No comments posted yet!